 Dungeon Crawl Stone Soup version 0.28.0-43-g3370ac3207 (webtiles) character file.

Game seed: 6925333938858657897

49 issech the Cudgeller (level 3, 0/36 HPs)
             Began as a Troll Monk on Mar 26, 2022.
             Succumbed to an orc's poison
             ... on level 3 of the Dungeon.
             The game lasted 00:05:42 (1696 turns).

issech the Cudgeller (Troll Monk)                   Turns: 1696, Time: 00:05:43

Health: 0/36       AC:  4    Str: 19    XL:     3   Next: 51%
Magic:  2/2        EV: 10    Int:  6    God:
Gold:   37         SH:  0    Dex: 14    Spells: 2/2 levels left

rFire   . . .      SeeInvis .   a - +0 mace
rCold   . . .      Faith    .   (no shield)
rNeg    . . .      Spirit   .   b - +0 robe
rPois   .          Reflect  .   (helmet restricted)
rElec   .          Harm     .   (no cloak)
rCorr   .          Rampage  .   (gloves unavailable)
Will    .....                   (boots unavailable)
Stlth   ++........              q - amulet of regeneration
HPRegen 1.72/turn               (no ring)
MPRegen 0.08/turn               (no ring)

@: lethally poisoned (0 -> -1)
A: large, unfitting armour, claws 3, regeneration 1, shaggy fur 1, tough skin 1
a: no special abilities


You were on level 3 of the Dungeon.
You visited 1 branch of the dungeon, and saw 3 of its levels.

You collected 37 gold pieces.

Inventory:

Hand Weapons
 a - a +0 mace (weapon)
Missiles
 e - 3 poisoned darts (quivered)
 g - 62 stones
 n - 23 arrows
Armour
 b - a +0 robe (worn)
Jewellery
 c - an amulet of reflection
 q - an amulet of regeneration (around neck)
Scrolls
 d - 3 scrolls of silence {unknown}
 f - a scroll of holy word {unknown}
 i - a scroll of magic mapping {unknown}
 k - a scroll of fog {unknown}
 l - 2 scrolls of identify {unknown}
 m - 2 scrolls of teleportation {unknown}
 p - a scroll of summoning {unknown}
Potions
 h - a potion of curing {unknown}
 j - a potion of heal wounds {unknown}
 o - a potion of invisibility {unknown}


   Skills:
 + Level 2.7 Fighting
 + Level 3.2 Maces & Flails
 + Level 2.8 Dodging
 + Level 1.2 Stealth
 + Level 0.4 Shields


You had 2 spell levels left.
You didn't know any spells.
Your spell library contained the following spells:

 Spells                   Type           Power      Damage    Failure   Level
 Sandblast                Erth           0%         2d4       45%         1
 Passwall                 Tmut/Erth      0%         N/A       58%         2
 Stone Arrow              Conj/Erth      0%         3d7       83%         3
 Leda's Liquefaction      Hex/Erth       0%         N/A       99%         4
 Lee's Rapid Deconstruct  Erth           0%         3d5*      100%        5
 Statue Form              Tmut/Erth      0%         N/A       100%        6


Dungeon Overview and Level Annotations

Branches:
Dungeon (3/15)

Altars:


Innate Abilities, Weirdness & Mutations

You are too large for most types of armour.
You have claws for hands.
Your natural rate of healing is unusually fast.
You are covered in fur. (AC +1)
You have tough skin. (AC +1)


Message History

There is an open door here.
Found a thin jasper amulet.
q - an amulet of regeneration You start removing your amulet.
You continue taking off your amulet of reflection. x4
You finish taking off your amulet of reflection.
You start putting on your amulet.
You continue putting on your amulet of regeneration. x5
You finish putting on your amulet of regeneration.
The amulet throbs as it attunes itself to your uninjured body.
q - an amulet of regeneration (around neck)
An orc comes into view. It is wielding a +0 hand axe.
An orc priest comes into view. It is wielding a +1 dagger of venom.
The orc shouts!
The orc priest shouts!
The orc priest invokes the aid of Beogh against you.
Beogh smites you!
A worm comes into view.
An orc comes into view. It is wielding a +0 dagger of venom.
You hit the orc.
The orc is almost dead.
The orc barely misses you.
You thump the orc!
You kill the orc!
The orc throws a boomerang.
The boomerang hits you.
The orc priest hits you with a +1 dagger of venom.
You are poisoned.
The orc hits you but does no damage.
You are more poisoned.
Things that are here:
a +0 hand axe; an orc corpse You feel very sick.
The worm misses you.
You feel very sick.
You feel very sick.
You feel sick.
The orc priest mumbles some strange prayers to Beogh against you.
Beogh smites you!
* * * LOW HITPOINT WARNING * * *
You hit the orc but do no damage.
You die...

.# ##.
###################.#...
#.................#.#.#
###.#####..#..###.#...
#...# #..#..# #.#.#
###.# #..#..###...#+###
#.# #..#..##ow).....#
#.# #..#..##o###....#
#.###..#..##@# ....#
#.#....#.....# ...#
#.#.#.##.##### ..#
#.#.#.# ..#
#.#.#.##+####
#.#.#.......
#####.#'#.....#
..............#
#####.........#


You could see a worm, an orc priest and an orc.

Vanquished Creatures
  2 worms (D:2)
  2 dart slugs
  An orc (D:3)
  6 endoplasms
  A giant cockroach (D:2)
  4 goblins
  4 hobgoblins (D:1)
  4 quokkas
  3 ball pythons
  A bat (D:1)
  3 kobolds
  4 rats
35 creatures vanquished.

Vanquished Creatures (others)
  A fungus (D:2)
1 creature vanquished.

Grand Total: 36 creatures vanquished

Notes
Turn   | Place    | Note
-------+----------+-------------------------------------------
     0 | D:1      | issech the Troll Monk began the quest for the Orb.
     0 | D:1      | Reached XP level 1. HP: 22/22 MP: 0/0
   227 | D:1      | Reached XP level 2. HP: 29/29 MP: 1/1
   540 | D:1      | Reached skill level 3 in Maces & Flails
   902 | D:2      | Found a faded altar of an unknown god.
   999 | D:2      | Reached XP level 3. HP: 36/36 MP: 2/2
  1695 | D:3      | HP: 1/36 [orc priest/divine providence (14)]
  1696 | D:3      | Succumbed to an orc's poison

Illustrated notes

Levels and vault maps discovered:
D:1:      beargit_arrival_greenhouse, layout_loops_ring, hangedman_glass_teeth,
          fountainhead
D:2:      layout_basic, dreamdust_ecumenical_altar_hidden_monk_grotto
D:3:      layout_basic, gammafunk_ghost_nasty_kobolds, interstate_on_off,
          grunt_decor_one_mirror

Skill      XL: |  1  2 |
---------------+-------+-----
Maces & Flails | 3 |  3.2
Fighting       | |  2.7
Dodging        | |  2.8
Stealth        | |  1.2
Shields        | |  0.4

Action                   || total
-------------------------++-------
Melee: Mace              ||   113
 Stab: Sleeping          ||     6
Armor: Robe              ||    32
Dodge: Dodged            ||    41
Block: Other             ||    32
